 Dungeon Crawl Stone Soup version 0.30-a0-1085-g990a428a5c (webtiles) character file.

Game seed: 1997466585574313189

8325 Tangent the Summoner (level 11, -1/85 HPs)
             Began as a Red Draconian Summoner on Apr 16, 2023.
             Was a Priest of Sif Muna.
             Succumbed to their own poison gas
             ... on level 11 of the Dungeon.
             The game lasted 01:11:32 (11172 turns).

Tangent the Summoner (Red Draconian Summoner)      Turns: 11172, Time: 01:11:32

Health: -1/85      AC: 19    Str: 11      XL:     11   Next: 8%
Magic:  23/24      EV: 13    Int: 17 (18) God:    Sif Muna [***...]
Gold:   586        SH:  0    Dex: 12 (13) Spells: 22/29 levels left

rFire   . . .      SeeInvis .    g - +5 halberd (freeze)
rCold   + . .      Faith    .    (shield currently unavailable)
rNeg    . . .      Spirit   .    (body armour unavailable)
rPois   .          Reflect  .    n - +2 hat
rElec   .          Rampage  .    s - +2 cloak
rCorr   .          Clarity  +    f - +2 pair of gloves
Will    .....                    (no boots)
Stlth   ++                       w - amulet of regeneration
HPRegen 1.14/turn                l - +4 ring of protection
MPRegen 0.19/turn                e - ring of ice

@: lethally poisoned (-1 -> -67)
A: breathe fire, AC +7, unfitting armour, fire resistance 1, cold-blooded,
clarity, deterioration 1, MP-powered wands
a: Breathe Fire, Renounce Religion, Channel Magic, Forget Spell


You were on level 11 of the Dungeon.
You worshipped Sif Muna.
Sif Muna was most pleased with you.
You visited 1 branch of the dungeon, and saw 11 of its levels.

You collected 586 gold pieces.

Inventory:

Hand Weapons
 g - a +5 halberd of freezing (weapon)
 h - a +4 long sword of freezing
 t - a +1 whip of flaming
 v - a +0 short sword of holy wrath
 y - a +0 shortbow of freezing
Armour
 f - a +2 pair of gloves (worn)
 n - a +2 hat (worn)
 s - a +2 cloak (worn)
Jewellery
 e - a ring of ice (right hand)
 l - a +4 ring of protection (left hand)
 w - an amulet of regeneration (around neck)
 C - a ring of positive energy
 I - a +4 ring of protection
Wands
 r - a wand of digging (6)
 D - a wand of charming (5)
 G - a wand of flame (5)
 H - a wand of roots (6)
 J - a wand of polymorph (4)
Scrolls
 b - 3 scrolls of blinking
 c - 7 scrolls of identify
 d - a scroll of immolation
 j - 4 scrolls of poison
 k - a scroll of enchant armour
 o - a scroll of amnesia
 q - 4 scrolls of fear
 x - 5 scrolls of teleportation
Potions
 a - 3 potions of magic
 i - 4 potions of attraction
 m - 2 potions of might
 p - 2 potions of brilliance
 u - 2 potions of ambrosia
 z - a potion of flight
 B - a potion of curing
 F - a potion of haste {unknown}
Miscellaneous
 E - a box of beasts (inert)


   Skills:
 + Level 4.4 Fighting
 + Level 1.3 Short Blades
 + Level 4.6 Maces & Flails
 + Level 4.5 Polearms
 + Level 1.3 Ranged Weapons
 + Level 5.0 Dodging
 + Level 3.8 Stealth
 + Level 0.8 Unarmed Combat
 + Level 9.5 Spellcasting
 + Level 1.5 Hexes
 + Level 9.8 Summonings
 + Level 0.1 Evocations


You had 22 spell levels left.
You knew the following spells:

 Your Spells              Type           Power      Damage    Failure   Level
a - Summon Small Mammal   Summ           100%       N/A       1%          1
b - Call Canine Familiar  Summ           41%        N/A       1%          3
c - Summon Guardian Gole  Hex/Summ       27%        N/A       2%          3

Your spell library contained the following spells:

 Spells                   Type           Power      Damage    Failure   Level
 Call Imp                 Summ           82%        N/A       1%          2
 Apportation              Tloc           16%        N/A       9%          1
 Necrotise                Necr           32%        1d5       9%          1
 Ensorcelled Hibernation  Hex/Ice        32%        N/A       10%         2
 Summon Lightning Spire   Summ/Air       24%        N/A       12%         4
 Passwall                 Tmut/Erth      6%         N/A       14%         2
 Dazzling Flash           Conj/Hex       20%        N/A       21%         3
 Swiftness                Air            8%         N/A       26%         3
 Summon Forest            Summ/Tloc      12%        N/A       32%         5
 Airstrike                Air            4%         2d(1-17)  65%         4
 Petrify                  Tmut/Erth      8%         N/A       65%         4
 Summon Hydra             Summ           20%        N/A       78%         7
 Metabolic Englaciation   Hex/Ice        8%         N/A       88%         5
 Silence                  Hex/Air        5%         N/A       88%         5
 Agony                    Necr           8%         N/A       94%         5
 Eringya's Noxious Bog    Tmut/Pois      4%         N/A       100%        6
 Plasma Beam              Fire/Air       4%         2x1d15    100%        6
 Statue Form              Tmut/Erth      5%         N/A       100%        6


Dungeon Overview and Level Annotations

Branches:
Dungeon (11/15)            Temple (0/1) D:7             Orc (0/2) D:9
   Lair: D:8-11

Altars:
Ashenzari
Hepliaklqana
Sif Muna
Trog
Uskayaw
Vehumet
Wu Jian
Yredelemnul
Zin
The Shining One

Shops:
D:4 [   D:8 *   D:10 (


Innate Abilities, Weirdness & Mutations

You can breathe blasts of fire.
Your fiery red scales are hard. (AC +7)
You cannot fit into any form of body armour.
Your flesh is heat resistant. (rF+)
You are cold-blooded and may be slowed by cold attacks.
You possess an exceptional clarity of mind.
Your body sometimes deteriorates upon taking damage.
You expend magic power (3 MP) to strengthen your wands.


Message History

You are engulfed in poison gas.
You are more poisoned.
You feel very sick.
Your hound bites the yak.
The yak is engulfed in poison gas.
The yak looks even sicker.
You are engulfed in poison gas.
You are more poisoned.
You feel extremely sick.
Your hound closely misses the yak.
The brown ugly thing misses your hound.
The yak is engulfed in poison gas.
The yak looks even sicker.
You are engulfed in poison gas.
You are more poisoned.
You feel extremely sick.
Your hound bites the yak.
The yak is engulfed in poison gas.
The yak is poisoned.
You are engulfed in poison gas.
You are lethally poisoned!
You feel extremely sick.
The yak looks even sicker.
You are engulfed in poison gas.
You are more poisoned.
* * * LOW HITPOINT WARNING * * *
x2 You feel extremely sick.
The brown ugly thing is engulfed in poison gas.
The brown ugly thing is poisoned.
Something barely misses your hound. x2
The yak looks even sicker.
Okay, then.
You feel much better.
You are engulfed in poison gas.
You are more poisoned.
* * * LOW HITPOINT WARNING * * *
Your body deteriorates!
You feel clumsy.
You feel extremely sick.
The brown ugly thing is engulfed in poison gas.
The brown ugly thing looks even sicker.
Something gores your hound!
Your hound dies!
Your hound's corpse disappears in a puff of smoke!
The yak is engulfed in poison gas.
The yak looks as sick as possible!
Unknown command.
You are engulfed in poison gas.
You are more poisoned.
* * * LOW HITPOINT WARNING * * *
You die... #...†..# # #...#### #...# #...#######. #........... o.ouO ##.....####.. .)oWp

#...........
..≈≈≈
##.....####.
...!.
######@☼.##
....Y
##§§u○Y☼§##
Y..
###Y○#######
#'###Y..##
#Y....###
#######


You could see a brown ugly thing (very poisoned) and 2 yaks.

Vanquished Creatures
  A cyclops (D:10)
  A troll (D:10)
  5 yaks (D:8)
  A wraith (D:10)
  Duvessa (D:6)
  A sky beast (D:7)
  2 black bears
  A centaur (D:7)
  2 kobold brigands
  2 bullfrogs
  2 scorpions
  Dowan (D:6)
  3 wights
  A hound (D:4)
  5 jellies
  2 orc priests
  Crazy Yiuf (D:5)
  2 iguanas (D:6)
  3 sleepcaps
  2 gnoll boudas
  4 orc wizards
  4 adders
  A gnoll (D:7)
  A shadow imp (D:6)
  2 white imps
  A worm (D:4)
  A dart slug (D:1)
  12 orcs
  3 ball pythons
  3 bats (D:3)
  9 endoplasms
  2 giant cockroaches
  4 goblins
  6 hobgoblins
  5 jackals
  11 kobolds
  A quokka (D:1)
  3 rats
112 creatures vanquished.

Vanquished Creatures (collateral kills)
  Pikel (D:5)
  2 gargoyles
  An unseen horror (D:11)
  A troll (D:6)
  Prince Ribbit (D:6)
  A steam dragon (D:9)
  An acid dragon (D:11)
  An orc warrior (D:8)
  A centaur (D:10)
  A scorpion (D:5)
  9 wights
  2 howler monkeys (D:7)
  3 hounds
  3 orc priests
  A jelly (D:7)
  2 sleepcaps (D:7)
  Ijyb (D:5)
  An orc wizard (D:8)
  6 gnolls
  An adder (D:4)
  A white imp (D:5)
  A worm (D:5)
  26 orcs
  5 ball pythons
  A giant cockroach (D:4)
  A hobgoblin (D:1)
  5 jackals
  A frilled lizard (D:1)
  5 goblins
  A kobold (D:3)
87 creatures vanquished.

Vanquished Creatures (others)
  Gastronok (D:8)
  An ugly thing (D:11)
  A troll (D:10)
  An orc warrior (D:7)
  2 centaurs
  A howler monkey (D:11)
  A jelly (D:8)
  An orc wizard (D:8)
9 creatures vanquished.

Grand Total: 208 creatures vanquished

Notes
Turn   | Place    | Note
-------+----------+-------------------------------------------
     0 | D:1      | Tangent the Draconian Summoner began the quest for the Orb.
     0 | D:1      | Reached XP level 1. HP: 14/14 MP: 3/3
    70 | D:1      | Reached XP level 2. HP: 20/20 MP: 1/5
   724 | D:1      | Reached XP level 3. HP: 25/26 MP: 1/6
   848 | D:1      | You fall into a shaft and drop 1 floor!
  1642 | D:3      | Reached XP level 4. HP: 26/33 MP: 4/7
  1948 | D:3      | Found a glowing golden altar of the Shining One.
  1951 | D:3      | Found a radiant altar of Vehumet.
  2068 | D:3      | Gained mutation: You expend magic power (3 MP) to
                  | strengthen your wands. [potion of mutation]
  2068 | D:3      | Gained mutation: You possess an exceptional clarity of
                  | mind. [potion of mutation]
  2068 | D:3      | Gained mutation: Your body sometimes deteriorates upon
                  | taking damage. [potion of mutation]
  2326 | D:4      | Reached skill level 1 in Short Blades
  2331 | D:4      | Reached skill level 5 in Summonings
  2481 | D:4      | Found Yryl's Antique Armour Boutique.
  2523 | D:4      | Noticed a black bear
  2553 | D:4      | Killed a black bear
  2554 | D:4      | Reached XP level 5. HP: 34/39 MP: 5/9
  2943 | D:4      | Reached XP level 6. HP: 46/46 MP: 8/11
  2989 | D:4      | Learned a level 3 spell: Call Canine Familiar
  3206 | D:4      | Found a glowing silver altar of Zin.
  3212 | D:4      | Found a shimmering blue altar of Sif Muna.
  3227 | D:4      | Became a worshipper of Sif Muna the Loreminder
  3452 | D:4      | Reached skill level 1 in Maces & Flails
  3460 | D:5      | Entered Level 5 of the Dungeon
  3562 | D:5      | Reached skill level 1 in Fighting
  3577 | D:5      | Your scales start taking on a fiery red colour.
  3577 | D:5      | Reached XP level 7. HP: 41/52 MP: 11/13
  3577 | D:5      | Gained mutation: Your flesh is heat resistant. (rF+) [Red
                  | Draconian growth]
  3805 | D:5      | Found a bloodstained altar of Trog.
  4000 | D:5      | Noticed Ijyb
  4016 | D:5      | Killed Ijyb
  4028 | D:5      | Reached * piety under Sif Muna
  4073 | D:5      | Noticed Pikel
  4110 | D:5      | Killed Pikel
  4111 | D:5      | Reached skill level 5 in Spellcasting
  4111 | D:5      | Reached XP level 8. HP: 42/60 MP: 7/16
  4375 | D:5      | Found a runed translucent door.
  4376 | D:5      | Noticed Crazy Yiuf
  4411 | D:5      | Killed Crazy Yiuf
  4793 | D:6      | Got the Encyclopedia of the Weathered Arsonist
  4895 | D:6      | Found a basalt altar of Yredelemnul.
  5178 | D:6      | Noticed Prince Ribbit
  5208 | D:6      | Killed Prince Ribbit
  5210 | D:6      | Noticed a troll
  5342 | D:6      | Killed a troll
  5605 | D:6      | Noticed Duvessa
  5605 | D:6      | Noticed Dowan
  5629 | D:6      | Killed Duvessa
  5630 | D:6      | Killed Dowan
  5631 | D:6      | Reached XP level 9. HP: 38/67 MP: 12/19
  6005 | D:6      | Found an ornate altar of the Wu Jian Council.
  6188 | D:7      | Learned a level 3 spell: Summon Guardian Golem
  6197 | D:7      | Noticed a gargoyle
  6221 | D:7      | Killed a gargoyle
  6674 | D:7      | Found a staircase to the Ecumenical Temple.
  7586 | D:8      | Reached ** piety under Sif Muna
  7614 | D:8      | Reached skill level 1 in Ranged Weapons
  7633 | D:8      | Found a hazy altar of Hepliaklqana.
  7989 | D:8      | Noticed Gastronok
  8013 | D:8      | Killed Gastronok
  8014 | D:8      | Reached skill level 1 in Hexes
  8014 | D:8      | Reached XP level 10. HP: 28/77 MP: 10/22
  8300 | D:8      | Found Jeoch's Gadget Gallery.
  8883 | D:8      | Reached skill level 1 in Polearms
  9128 | D:9      | Found a broken altar of Ashenzari.
  9503 | D:9      | Identified the +6 morningstar "Hiemiz" {freeze, rF+ Str+2}
  9571 | D:9      | Found a staircase to the Orcish Mines.
  9828 | D:10     | Entered Level 10 of the Dungeon
 10038 | D:10     | Reached *** piety under Sif Muna
 10121 | D:10     | Found a hide-covered altar of Uskayaw.
 10242 | D:10     | Found Joips's Weapon Shoppe.
 10363 | D:10     | Noticed a cyclops
 10387 | D:10     | Killed a cyclops
 10946 | D:11     | Noticed a gargoyle
 10952 | D:11     | Killed a gargoyle
 10953 | D:11     | Reached skill level 5 in Dodging
 10953 | D:11     | Reached XP level 11. HP: 85/85 MP: 22/24
 11002 | D:11     | Noticed a red ugly thing
 11016 | D:11     | Killed a red ugly thing
 11156 | D:11     | Noticed a death knight
 11156 | D:11     | Noticed a brown ugly thing
 11156 | D:11     | Noticed a two-headed ogre
 11156 | D:11     | Noticed a brown ugly thing
 11172 | D:11     | Succumbed to their own poison gas

Illustrated notes

Levels and vault maps discovered:
D:1:      spicycebolla_green_bress_n_ham, layout_loops_ring
D:2:      layout_basic
D:3:      layout_rooms, nicolae_overflow_squiral
D:4:      layout_loops_ring, minitemple, serial_shops,
          nicolae_shop_overgrown_old_shop, minmay_fractal_squares_gapless_5
D:5:      layout_rooms, nicolae_overflow_hidden_temple, bh_walls_and_bars,
          uniq_crazy_yiuf_cottage, uniq_ijyb, uniq_pikel
D:6:      layout_basic, mainiacjoe_overflow_boulevard, kennysheep_mini_moat,
          uniq_prince_ribbit1, uniq_duvessa
D:7:      layout_gridville, minmay_temple_entry_overgrown, minmay_microvault
D:8:      layout_loops_ring, kennysheep_little_box, nicolae_shop_gadgets,
          uniq_gastronok
D:9:      layout_gridville, evilmike_ruin_ashenzari, orc_0_dummy,
          enter_bailey_3, minivault_21
D:10:     layout_basic, mainiacjoe_overflow_chevrons, serial_shops,
          nicolae_shop_bloodbath_and_beyond
D:11:     layout_loops_ring, lair_entry_dummy, grunt_potential

Skill      XL: |  1  2  3  4  5  6  7  8  9 10 |
---------------+-------------------------------+-----
Stealth        | 2 3 |  3.8
Dodging        | 2 3 4 5 |  5.0
Short Blades   | 1 |  1.3
Summonings     | 5 6 7 9 |  9.8
Spellcasting   | 3 4 5 6 8 9 |  9.5
Maces & Flails | 1 3 4 |  4.6
Fighting       | 1 2 3 4 |  4.4
Ranged Weapons | 1 |  1.3
Hexes          | 1 |  1.5
Polearms       | 4 |  4.5
Unarmed Combat | |  0.8
Evocations     | |  0.1

Action                     |  1- 3 |  4- 6 |  7- 9 | 10-12 || total
---------------------------+-------+-------+-------+-------++-------
  Melee: Unarmed           |    60 |       |       |       ||    60
         Tailslap          |    12 |     9 |    43 |    16 ||    80
         Dagger            |    60 |    49 |       |       ||   109
         Punch             |     1 |     2 |     4 |       ||     7
         Morningstar       |       |    25 |       |       ||    25
         Whip              |       |    45 |   236 |       ||   281
         Falchion          |       |       |     7 |       ||     7
         Halberd           |       |       |     3 |    89 ||    92
   Fire: Shortbow          |       |       |    15 |       ||    15
   Cast: Summon Small Mamm |    32 |    49 |    84 |    40 ||   205
         Call Canine Famil |       |     4 |    42 |    16 ||    62
         Summon Guardian G |       |       |    12 |    11 ||    23
Ability: Breathe Fire      |       |       |     2 |       ||     2
  Evoke: Wand              |       |       |     1 |     1 ||     2
         Box of beasts     |       |       |       |     1 ||     1
    Use: Scroll            |       |     6 |     6 |     3 ||    15
         Potion            |       |     4 |     4 |     1 ||     9
   Stab: Sleeping          |     4 |       |       |       ||     4
         Distracted        |       |       |     6 |       ||     6
 Armour: Skin              |    68 |    62 |   100 |    74 ||   304
  Dodge: Dodged            |    96 |    88 |   131 |    84 ||   399

Table legend: (Time is in decaauts)
 A = Elapsed time spent in this place.
 B = Non-inter-level travel time spent in this place.
 C = Inter-level travel time spent in this place.
 D = Time resting spent in this place.
 E = Time spent auto-exploring this place.
 F = Levels seen in this place.
 G = Mean time per level.
                   A        B        C        D        E       F      G
               +--------+--------+--------+--------+--------+-----+--------+
         Total |  11217 |   9926 |   1291 |   1706 |   5682 |  11 | 1019.7 |
       Dungeon |  11217 |   9926 |   1291 |   1706 |   5682 |  11 | 1019.7 |
               +--------+--------+--------+--------+--------+-----+--------+

Top non-repeatable levels by time:
     D:6: 1624 daAuts
     D:8: 1497 daAuts
     D:7: 1394 daAuts
     D:4: 1253 daAuts
     D:5: 1092 daAuts
     D:1: 936 daAuts
    D:10: 912 daAuts
     D:3: 837 daAuts
     D:9: 779 daAuts
    D:11: 447 daAuts
     D:2: 443 daAuts
